 Dungeon Crawl Stone Soup version 0.18.1-5-g4a78601 (webtiles) character file.

1477 Hipnos the Thaumaturge (level 8, -1/41 HPs)
             Began as a Deep Elf Wizard on May 9, 2016.
             Slain by a gnoll
             ... wielding a +0 halberd
              (5 damage)
             ... on level 6 of the Dungeon.
             The game lasted 00:26:48 (6599 turns).

Hipnos the Thaumaturge (Deep Elf Wizard)            Turns: 6599, Time: 00:26:48

Health: -1/41      AC: 10    Str:  4    XL:     8   Next: 49%
Magic:  21/24      EV:  7    Int: 29    God:
Gold:   288        SH:  0    Dex: 13    Spells: 5 memorised, 17 levels left

rFire  . . .     SeeInvis .     y - +1 short sword (protect)
rCold  . . .     Gourm    .     C - +0 robe "Seov" {rElec}
rNeg   . . .     Faith    .     (no shield)
rPois  .         Spirit   .     b - +2 hat
rElec  +         Dismiss  .     m - +0 cloak
rCorr  .         Reflect  .     (no gloves)
SustAt .         Harm     .     (no boots)
MR     .....                    h - amulet of magic regeneration
Stlth  ++........               (no ring)
                                E - +3 ring of intelligence

@: held, not resistant to hostile enchantments, unstealthy
A: no striking features
a: no special abilities


You were on level 6 of the Dungeon.
You were not hungry.

You visited 1 branch of the dungeon, and saw 6 of its levels.
You also visited: Sewer.

You collected 288 gold pieces.

Inventory:

Hand Weapons
 f - a +1 dagger of electrocution
 y - a +1 short sword of protection (weapon)
Armour
 a - a +0 robe
 b - a +2 hat (worn)
 m - a +0 cloak (worn)
 C - the +0 robe "Seov" (worn) {rElec}
   (You found it on level 5 of the Dungeon)

   It insulates you from electricity.
Jewellery
 h - an amulet of magic regeneration (around neck)
 B - an uncursed amulet of guardian spirit {unknown}
 E - a +3 ring of intelligence (left hand)
Wands
 i - a wand of iceblast (6/15)
 k - a wand of disintegration (10/24)
Scrolls
 n - a scroll of enchant weapon {unknown}
 o - 2 scrolls of fear {unknown}
 q - a scroll of magic mapping
 v - 2 scrolls of amnesia {unknown}
 z - 3 scrolls of teleportation {unknown}
 A - 3 scrolls of random uselessness
 F - a scroll of identify
Potions
 e - a potion of brilliance {unknown}
 g - 4 potions of invisibility
 l - 3 potions of curing
 p - a potion of cancellation
 r - a potion of cure mutation
 D - 2 potions of flight {unknown}
Books
 c - a book of Minor Magic

   Spells                             Type                      Level
   a - Magic Dart                     Conjuration                  1
   b - Blink                          Translocation                2
   c - Call Imp                       Summoning                    2
   d - Repel Missiles                 Charms/Air                   2
   e - Slow                           Hexes                        2
   f - Conjure Flame                  Conjuration/Fire             3
   g - Mephitic Cloud                 Conjuration/Poison/Air       3
 w - a book of Conjurations

   Spells                             Type                      Level
   a - Magic Dart                     Conjuration                  1
   b - Searing Ray                    Conjuration                  2
   c - Dazzling Spray                 Conjuration/Hexes            3
   d - Fulminant Prism                Conjuration/Hexes            4
   e - Iskenderun's Mystic Blast      Conjuration                  4
   f - Iskenderun's Battlesphere      Conjuration/Charms           5
Comestibles
 d - 4 bread rations
 j - a slice of pizza
 s - 5 fruits
 t - 6 meat rations
 u - 3 beef jerkies
 x - a royal jelly
 G - 2 chunks of flesh


   Skills:
 + Level 0.4 Short Blades
 + Level 4.6 Dodging
 - Level 2.4 Stealth
 * Level 10.8 Spellcasting
 * Level 6.9 Conjurations
 - Level 1.1 Summonings
 - Level 1.1 Translocations
 + Level 0.7 Fire Magic


You had 17 spell levels left.
You knew the following spells:

 Your Spells              Type           Power        Failure   Level  Hunger
a - Magic Dart            Conj           ####         1%          1    None
b - Blink                 Tloc           N/A          3%          2    None
c - Call Imp              Summ           ###.....     3%          2    None
d - Conjure Flame         Conj/Fire      #####...     1%          3    None
e - Mephitic Cloud        Conj/Pois/Air  ####....     4%          3    None


Dungeon Overview and Level Annotations

Branches:
Dungeon (6/15)
 Temple: D:4-7

Altars:
Kikubaaqudgha
Makhleb
Nemelex Xobeh
Ru
Zin


Message History

The centaur is severely wounded.
The centaur shoots an arrow.
The arrow hits you.
The gnoll hits you from afar with a halberd!
* * * LOW HITPOINT WARNING * * *
The centaur shoots an arrow.
The arrow completely misses you.
You can't do that while held in a net.
Casting: Magic Dart
Confirm with . or Enter, or press ? or * to list all spells.
Aiming: Magic Dart
Press: ? - help, Shift-Dir - straight line, f/p - centaur
Aim: a centaur, wielding a shortbow (severely wounded)
The magic dart hits the centaur.
The centaur is severely wounded.
The centaur shoots an arrow.
The arrow hits you.
* * * LOW HITPOINT WARNING * * *
Drink which item? (? for menu, Esc to quit)
You feel better.
The centaur shoots an arrow.
The arrow hits you!
* * * LOW HITPOINT WARNING * * *
The gnoll hits you from afar with a halberd.
You die...

#....#.#..
#....#.#.
#.......
#......
..... g..
#.# #@#
.c.....[#
.......##
.......
.......
....#..
###.#.. .
#..


You could see a centaur and a gnoll.

Vanquished Creatures
  Sigmund (D:2)
  Eustachio (D:4)
  Purgy (Sewer)
  An ogre (D:5)
  A big kobold (Sewer)
  2 scorpions
  2 howler monkeys
  A giant frog zombie (D:5)
  A crimson imp (D:5)
  A jelly (D:5)
  A hound (D:3)
  Crazy Yiuf (D:3)
  3 orc priests
  5 orc wizards
  Ijyb (D:2)
  A giant frog skeleton (D:5)
  2 worker ants (D:4)
  2 iguanas
  2 gnolls (D:5)
  9 adders
  An ooze (D:4)
  An adder zombie (D:5)
  10 worms
  A dart slug (D:1)
  6 giant geckos
  20 orcs
  3 ball pythons
  6 bats
  11 giant cockroaches
  13 hobgoblins
  8 jackals
  11 kobolds
  3 quokkas
  4 giant newts
  16 goblins
  A jackal skeleton (D:5)
  9 rats
  A fungus (D:3)
164 creatures vanquished.

Vanquished Creatures (collateral kills)
  An orc (D:4)
1 creature vanquished.

Vanquished Creatures (others)
  A bat (D:1)
  A goblin (D:1)
2 creatures vanquished.

Grand Total: 167 creatures vanquished

Notes
Turn   | Place    | Note
--------------------------------------------------------------
     0 | D:1      | Hipnos the Deep Elf Wizard began the quest for the Orb.
     0 | D:1      | Reached XP level 1. HP: 10/10 MP: 7/7
   721 | D:1      | Reached XP level 2. HP: 15/15 MP: 6/9
   725 | D:1      | Learned a level 2 spell: Blink
   728 | D:1      | Learned a level 2 spell: Call Imp
   761 | D:1      | Reached skill level 5 in Spellcasting
  1246 | D:1      | Reached XP level 3. HP: 19/19 MP: 6/12
  1645 | D:2      | Reached skill level 6 in Spellcasting
  2054 | D:2      | Reached XP level 4. HP: 24/24 MP: 12/14
  2634 | D:2      | Learned a level 3 spell: Conjure Flame
  2639 | D:2      | Learned a level 3 spell: Mephitic Cloud
  2652 | D:2      | Noticed Sigmund
  2659 | D:2      | Killed Sigmund
  2659 | D:2      | Reached skill level 7 in Spellcasting
  2659 | D:2      | Reached XP level 5. HP: 5/28 MP: 7/16
  3504 | D:2      | Noticed Ijyb
  3518 | D:2      | Killed Ijyb
  3518 | D:2      | Reached XP level 6. HP: 24/32 MP: 4/18
  4016 | D:3      | Reached skill level 8 in Spellcasting
  4128 | D:3      | Found a glowing silver altar of Zin.
  4415 | D:3      | Noticed Crazy Yiuf
  4428 | D:3      | Killed Crazy Yiuf
  4471 | D:4      | Found a glowing drain.
  4488 | Sewer    | Entered a sewer
  4491 | Sewer    | Noticed Purgy
  4499 | Sewer    | Killed Purgy
  4499 | Sewer    | Reached XP level 7. HP: 27/36 MP: 16/21
  4528 | Sewer    | Reached skill level 9 in Spellcasting
  4528 | Sewer    | Reached skill level 5 in Conjurations
  4994 | D:4      | Noticed Eustachio
  5069 | D:4      | Killed Eustachio
  5668 | D:4      | Reached XP level 8. HP: 41/41 MP: 20/23
  5674 | D:4      | Reached skill level 10 in Spellcasting
  5766 | D:5      | Entered Level 5 of the Dungeon
  5951 | D:5      | Found a sacrificial altar of Ru.
  5987 | D:5      | Found a sparkling altar of Nemelex Xobeh.
  6062 | D:5      | Got a bloodstained robe
  6074 | D:5      | Identified the +0 robe "Seov" {rElec} (You found it on level 5 of the Dungeon)
  6249 | D:5      | Found an ancient bone altar of Kikubaaqudgha.
  6251 | D:5      | Found a burning altar of Makhleb.
  6599 | D:6      | Slain by a gnoll

Skill      XL: |  1  2  3  4  5  6  7  8 |
---------------+-------------------------+-----
Spellcasting   | 5 6 7 8 9 10 | 10.8
Conjurations   | 3 4 6 |  6.9
Dodging        | 3 4 |  4.6
Short Blades   | |  0.4
Stealth        | |  2.4
Summonings     | |  1.1
Translocations | |  1.1
Fire Magic     | |  0.7

Action                   |  1- 3 |  4- 6 |  7- 9 || total
-------------------------+-------+-------+-------++-------
Melee: Unarmed           |     8 |     3 |       ||    11
       Short sword       |       |    19 |    14 ||    33
 Cast: Magic Dart        |   105 |   189 |   233 ||   527
       Call Imp          |       |     2 |     4 ||     6
       Conjure Flame     |       |     3 |     3 ||     6
       Mephitic Cloud    |       |       |     1 ||     1
  Use: Scroll            |       |     7 |     5 ||    12
       Potion            |       |       |     1 ||     1
 Stab: Sleeping          |     1 |     4 |     3 ||     8
       Confused          |       |       |     1 ||     1
  Eat: Chunk             |     3 |     8 |     6 ||    17
Armor: Robe              |     6 |    16 |    20 ||    42
Dodge: Dodged            |    28 |    25 |    50 ||   103
